 Dungeon Crawl Stone Soup version 0.25.1-2-g60ff931df9 (webtiles) character file.

Game seed: 12530685405298098448

263 Ijustatesigmund the Chopper (level 6, -4/44 HPs)
             Began as an Octopode Fighter on Sept 15, 2020.
             Slain by Prince Ribbit (17 damage)
             ... on level 5 of the Dungeon.
             The game lasted 00:06:36 (2694 turns).

Ijustatesigmund the Chopper (Octopode Fighter)      Turns: 2694, Time: 00:06:36

Health: -4/44      AC:  3    Str: 15      XL:     6   Next: 19%
Magic:  3/6        EV: 12    Int: 10      God:
Gold:   140        SH: 10    Dex: 13 (14) Spells: 5/5 levels left

rFire    + . .     SeeInvis .   a - +0 war axe
rCold    . . .     Gourm    .   b - +1 kite shield
rNeg     . . .     Faith    .   (helmet restricted)
rPois    .         Spirit   .   (no amulet)
rElec    .         Reflect  .   i - ring of resist corrosion
rCorr    +         Harm     .   m - ring of protection from fire
MR       .....                  (no ring)
Stlth    ++........             (no ring)
HPRegen  0.14/turn              (no ring)
MPRegen  0.10/turn              (no ring)
                                (no ring)
                                (no ring)

@: no status effects
A: almost no armour, stealthy swim, amphibious, 8 rings, constrict 8, molten
scales 1, camouflage 1, deterioration 1, gelatinous body 1, MP-powered wands
a: no special abilities


You were on level 5 of the Dungeon.
You were not hungry.

You visited 1 branch of the dungeon, and saw 5 of its levels.

You collected 140 gold pieces.

Inventory:

Hand Weapons
 a - a +0 war axe (weapon)
Missiles
 e - 18 poisoned darts (quivered)
Armour
 b - a +1 kite shield (worn)
Jewellery
 i - a ring of resist corrosion (left tentacle)
 m - a ring of protection from fire (right tentacle)
Wands
 n - a wand of flame (12)
Scrolls
 k - a scroll of magic mapping
 o - a scroll of teleportation
 p - a scroll of remove curse
Potions
 c - a potion of might
 g - a potion of stabbing
 h - a potion of lignification
 j - 2 potions of flight
 l - a potion of resistance {unknown}
Comestibles
 d - 12 rations


   Skills:
 + Level 4.4 Fighting
 + Level 4.7 Axes
 - Level 3.0 Dodging
 + Level 3.7 Shields
 + Level 0.5 Evocations


You had 5 spell levels left.
You didn't know any spells.
Your spell library was empty.

Dungeon Overview and Level Annotations

Branches:
Dungeon (5/15)
 Temple: D:4-7

Altars:
Trog

Annotations:
D:5 Prince Ribbit


Innate Abilities, Weirdness & Mutations

You cannot wear most types of armour.
You are very stealthy in the water. (Stealth+)
You are amphibious.
You can wear up to eight rings at the same time.
You can use your tentacles to constrict eight enemies at once.
Your skin changes colour to match your surroundings (Stealth+).
Your rubbery body absorbs attacks. (AC +1, EV +1)
You are partially covered in molten scales. (AC +2)
Your body sometimes deteriorates upon taking damage.
You expend magic power (3 MP) to strengthen your wands.


Message History

The howler monkey hits you but does no damage.
You block Prince Ribbit's attack.
You slash Prince Ribbit!
Prince Ribbit is moderately wounded.
You hit the howler monkey.
You kill the howler monkey!
You feel your strength returning.
Prince Ribbit blinks!
Evoke which item? (* to show all) (? for menu, Esc to quit)
Aiming: Throw Flame
Press: ? - help, Shift-Dir - straight line, f - Prince Ribbit
Aim: Prince Ribbit (moderately wounded)
You feel a surge of power!
The puff of flame hits Prince Ribbit.
Prince Ribbit is moderately wounded.
It was a potion of cancellation.
Your magical effects are unravelling.
You feel magically purged.
You feel less wooden. Prince Ribbit closely misses you. Prince Ribbit hits you!
You die...

#..# #... #
#..# #.
#..#####
#..###
#......##
#.....
#........
#.##.##F.....#
#.....$@....#
#.#....####..#
#.#...###
#..)....## #
#........#
#.#......(.##
#.#...........
#..........##.
###>..(.>#....


You could see Prince Ribbit.

Vanquished Creatures
  A howler monkey (D:5)
  A crimson imp (D:3)
  Crazy Yiuf (D:2)
  An orc priest (D:2)
  2 adders
  An ooze (D:1)
  3 dart slugs
  6 worms (D:2)
  2 leopard geckos
  6 orcs
  2 ball pythons
  9 bats
  A giant cockroach (D:4)
  7 goblins
  11 hobgoblins
  7 jackals (D:1)
  8 kobolds
  2 frilled lizards
  8 rats
  A fungus (D:2)
80 creatures vanquished.

Notes
Turn   | Place    | Note
-------+----------+-------------------------------------------
     0 | D:1      | Ijustatesigmund the Octopode Fighter began the quest for
                  | the Orb.
     0 | D:1      | Reached XP level 1. HP: 16/16 MP: 1/1
   192 | D:1      | Reached XP level 2. HP: 21/21 MP: 2/2
   331 | D:1      | Gained mutation: You expend magic power (3 MP) to
                  | strengthen your wands. [potion of mutation]
   331 | D:1      | Gained mutation: Your body sometimes deteriorates upon
                  | taking damage. [potion of mutation]
   331 | D:1      | Gained mutation: You are partially covered in molten
                  | scales. (AC +2) [potion of mutation]
   425 | D:1      | Reached XP level 3. HP: 24/26 MP: 3/3
   867 | D:2      | Reached XP level 4. HP: 28/33 MP: 4/4
  1340 | D:2      | Reached XP level 5. HP: 34/37 MP: 5/5
  1706 | D:2      | Found a runed translucent door.
  1707 | D:2      | Noticed Crazy Yiuf
  1713 | D:2      | Killed Crazy Yiuf
  1813 | D:3      | Found a bloodstained altar of Trog.
  2609 | D:4      | Reached XP level 6. HP: 44/44 MP: 6/6
  2619 | D:4      | Noticed a phantom
  2623 | D:5      | Entered Level 5 of the Dungeon
  2687 | D:5      | Noticed Prince Ribbit
  2694 | D:5      | Slain by Prince Ribbit

Illustrated notes

Levels and vault maps discovered:
D:1:      heliophobic_arrival_glass_houses, layout_basic, serial_curves,
          eino_curves_04, eino_curves_03
D:2:      layout_rooms, first_ration, uniq_crazy_yiuf_cottage
D:3:      layout_loops_ring, lemuel_crystal_altar
D:4:      layout_basic, uniq_natasha, uniq_eustachio
D:5:      layout_rooms, minmay_temple_entry_antechambers, uniq_prince_ribbit1

Skill      XL: |  1  2  3  4  5 |
---------------+----------------+-----
Axes           | 3 4 |  4.7
Fighting       | 4 |  4.4
Dodging        | |  3.0
Shields        | |  3.7
Evocations     | |  0.5

Action                   |  1- 3 |  4- 6 || total
-------------------------+-------+-------++-------
Melee: War axe           |    50 |    90 ||   140
       Constrict         |    12 |    35 ||    47
       Tentacles         |     7 |    24 ||    31
Evoke: Wand              |       |     3 ||     3
  Use: Scroll            |     6 |     5 ||    11
       Potion            |     1 |     2 ||     3
 Stab: Sleeping          |     4 |     9 ||    13
  Eat: Chunk             |       |     6 ||     6
Armor: Skin              |    12 |    12 ||    24
Dodge: Dodged            |    34 |    21 ||    55
Block: Kite shield       |    31 |    34 ||    65
